 Dungeon Crawl Stone Soup version 0.17-a0-1718-g72dbe4d (webtiles) character file.

50 achirane the Conjurer (level 3, -2/28 HPs)
             Began as a Naga Wizard on Aug 25, 2015.
             Killed from afar by Sigmund (9 damage)
             ... with a magic dart
             ... on level 2 of the Dungeon.
             The game lasted 00:09:46 (1871 turns).

achirane the Conjurer (Naga Wizard)                 Turns: 1871, Time: 00:09:46

Health: -2/28      AC:  2    Str:  9    XL:     3   Next: 79%
Magic:  2/7        EV:  9    Int: 19    God:
Gold:   55         SH:  0    Dex:  9    Spells: 2 memorised, 4 levels left

rFire  . . .     SeeInvis +     g - +0 short sword
rCold  . . .     Clarity  .     a - +0 robe
rNeg   . . .     SustAt   .     (no shield)
rPois  +         Gourm    .     b - +0 hat
rElec  .         Spirit   .     (no cloak)
rCorr  .         Warding  .     (no gloves)
rMut   .         Stasis   .     (no barding)
MR     .....                    (no amulet)
Stlth  ++........               (no ring)
                                (no ring)

@: very slightly contaminated, very slow, not resistant to hostile enchantments,
unstealthy
A: see invisible, deformed body, poison resistance, slowness 2, slow metabolism
1, spit poison 2, AC +1
a: Spit Poison


You were on level 2 of the Dungeon.
You were not hungry.

You visited 1 branch of the dungeon, and saw 2 of its levels.

You collected 55 gold pieces.

Inventory:

Hand weapons
 f - a +0 hunting sling
 g - a +0 short sword (weapon)
Missiles
 l - 71 stones
 n - 17 sling bullets
 q - 5 javelins (quivered)
Armour
 a - a +0 robe (worn)
 b - a +0 hat (worn)
Jewellery
 h - an uncursed ring of ice {unknown}
Scrolls
 m - a scroll of magic mapping {unknown}
 p - a scroll of identify {unknown}
Potions
 e - a potion of haste {unknown}
 j - 2 potions of brilliance {unknown}
 k - a potion of lignification {unknown}
Books
 c - a book of Minor Magic

   Spells                             Type                      Level
   a - Magic Dart                     Conjuration                  1
   b - Blink                          Translocation                2
   c - Call Imp                       Summoning                    2
   d - Repel Missiles                 Charms/Air                   2
   e - Slow                           Hexes                        2
   f - Conjure Flame                  Conjuration/Fire             3
   g - Mephitic Cloud                 Conjuration/Poison/Air       3
Comestibles
 d - a bread ration
 o - 4 fruits


   Skills:
 - Level 1.5 Dodging
 - Level 3.0 Stealth
 - Level 3.0 Spellcasting
 + Level 3.5 Conjurations
   Level 1.0 Summonings
   Level 1.0 Translocations


You had 4 spell levels left.
You knew the following spells:

 Your Spells              Type           Power        Failure   Level  Hunger
a - Magic Dart            Conj           ###.         4%          1    None
b - Conjure Flame         Conj/Fire      #.......     21%         3    ###....


Dungeon Overview and Level Annotations

Branches:
Dungeon (2/15)

Altars:

Annotations:
D:2 Sigmund


Innate Abilities, Weirdness & Mutations

You cannot wear boots.
Your serpentine skin is tough (AC +1).
You have supernaturally acute eyesight.
Armour fits poorly on your strangely shaped body.
Your system is resistant to poisons.
You cover ground very slowly.
You have a slow metabolism.
You can spit poison.


Message History

Casting: Magic Dart
Confirm with . or Enter, or press ? or * to list all spells.
Aiming: Conjure Flame
Press: ? - help, Dir - move target cursor The fire roars!
Sigmund closely misses you.
Sigmund is engulfed in roaring flames.
Sigmund completely misses you.
Casting: Conjure Flame
Confirm with . or Enter, or press ? or * to list all spells.
Aiming: Conjure Flame
Press: ? - help, Dir - move target cursor You miscast Conjure Flame.
You are very lightly contaminated with residual magic.
You feel a strange surge of energy!
Sigmund hits you from afar with a scythe!
Sigmund hits you from afar with a scythe!
* * * LOW HITPOINT WARNING * * *
Sigmund points at you and mumbles some strange words.
The magic dart hits you!
You die...

#.# #.#
#.#######
#.......#
#######.#
#.# #.#
#.# #@#
#.# #.#
#.# #@#
#.# #.###
#...#
###.#


You could see Sigmund (invisible).

Vanquished Creatures
  An adder (D:2)
  2 oozes (D:1)
  3 giant geckos (D:1)
  5 bats (D:1)
  A goblin (D:2)
  4 hobgoblins (D:1)
  6 kobolds (D:1)
  4 giant newts
  2 rats (D:1)
28 creatures vanquished.

Notes
Turn   | Place    | Note
--------------------------------------------------------------
     0 | D:1      | achirane the Naga Wizard began the quest for the Orb.
     0 | D:1      | Reached XP level 1. HP: 15/15 MP: 4/4
   300 | D:1      | Reached XP level 2. HP: 4/22 MP: 0/6
  1092 | D:1      | Reached XP level 3. HP: 28/28 MP: 3/7
  1853 | D:2      | Noticed Sigmund
  1860 | D:2      | Learned a level 3 spell: Conjure Flame
  1871 | D:2      | Killed from afar by Sigmund

Vault maps used:
D:1:      eino_arrival_druids_welcome, minmay_misc_feat_columns
D:2:      tso_metal_star, first_bread, uniq_jessica, uniq_sigmund

Action                   || total
-------------------------++-------
Melee: Club              ||     5
       Short sword       ||     4
 Cast: Magic Dart        ||    77
       Conjure Flame     ||     1
  Eat: Chunk             ||     2
